 Dungeon Crawl Stone Soup version 0.26-a0-710-g95a0c6c400 (webtiles) character file.

Game seed: 3366227472315013968

294194 ANON1729 the Unseen (level 20, -8/187 HPs)
             Began as a Deep Dwarf Wanderer on Oct 30, 2020.
             Was the Champion of Ru.
             Mangled by a deep troll (10 damage)
             ... led by an ironheart preserver
             ... on level 2 of the Vaults.
             The game lasted 05:33:41 (51326 turns).

ANON1729 the Unseen (Deep Dwarf Wanderer)          Turns: 51326, Time: 05:33:42

Health: -8/187     AC: 23    Str: 25    XL:     20   Next: 37%
Magic:  16/21      EV: 20    Int: 14    God:    Ru [******]
Gold:   1547       SH:  5    Dex: 16    Spells: 36/42 levels left

rFire    . . .     SeeInvis +   a - +4 trident of Qiethrole {vamp, +Rage}
rCold    + + .     Faith    .   (no shield)
rNeg     + . .     Spirit   .   I - +1 scale mail {rC+}
rPois    .         Reflect  +   C - +2 helmet
rElec    +         Harm     .   Y - +2 cloak
rCorr    .         Rampage  .   y - +0 pair of gloves of the Trombone {rElec Str+3 Dex+2} (curse)
MR       +++..                  k - +2 pair of boots {run}
Stlth    ++++++....             Z - amulet of reflection
HPRegen  0.00/turn              h - ring of see invisible
MPRegen  0.17/turn              X - ring of Neca {+Fly rElec rC+ MR+ Dex+6}

@: exhausted, non-regenerating, quick
A: damage resistance, heal wounds, clumsy 1, dopey 1, low mp 1, negative energy
resistance 1, sense surroundings 3, weak 1, inability to use devices, hated by
all, no conjurations magic, no ice magic, no transmutations magic, magic
vulnerability 1, no regeneration
}: 1/15 runes: serpentine
a: Heal Wounds, Draw Out Power, Power Leap, Apocalypse, Renounce Religion


You were on level 2 of the Vaults.
You worshipped Ru.
Ru was exalted by your worship.
You visited 8 branches of the dungeon, and saw 37 of its levels.
You also visited: Ossuary and Ice Cave.

You collected 5169 gold pieces.
You spent 3622 gold pieces at shops.

Inventory:

Hand Weapons
 a - the +4 trident of Qiethrole (weapon) {vamp, +Rage}
   (You bought it in a shop on level 11 of the Dungeon)

   It inflicts no extra harm, but heals its wielder when it wounds a living foe.
   It lets you go berserk.
 b - a +1 fustibalus of freezing
 N - a +8 vampiric glaive
 P - a +2 dagger of chaos
 V - the +10 mace of the Bouncing Xenops {elec, MR+ Dex+4 SInv}
   (You took it off a deep elf death mage on level 3 of the Elven Halls)

   Occasionally, upon striking a foe, it will discharge some electrical energy
   and cause terrible harm.
   It affects your dexterity (+4).
   It affects your resistance to hostile enchantments.
   It lets you see invisible.
Missiles
 f - 161 sling bullets
 j - 106 poisoned darts (quivered)
 o - 957 stones
 E - 7 atropa-tipped darts
Armour
 k - a +2 pair of boots of running (worn)
 y - the cursed +0 pair of gloves of the Trombone (worn) {rElec Str+3 Dex+2}
   (You bought it in a shop on level 2 of the Orcish Mines)

   It affects your strength (+3).
   It affects your dexterity (+2).
   It insulates you from electricity.
   It has a curse placed upon it.
 C - a +2 helmet (worn)
 H - a +0 scale mail of magic resistance
 I - a +1 scale mail of cold resistance (worn)
 Y - a +2 cloak (worn)
Jewellery
 h - a ring of see invisible (left hand)
 p - the ring "Juoj Xuk" {Ice rPois rN+++ Str-2 Int-2}
   (You took it off a deep elf sorcerer on level 3 of the Elven Halls)

   [ring of ice]

   It enhances your ice magic.
   It affects your strength (-2).
   It affects your intelligence (-2).
   It makes you vulnerable to fire.
   It protects you from cold.
   It protects you from poison.
   It renders you almost immune to negative energy.
 s - a +6 ring of intelligence
 Q - a +6 ring of strength
 S - an uncursed ring of protection from fire
 U - an uncursed ring of ice
 X - the ring of Neca (right hand) {+Fly rElec rC+ MR+ Dex+6}
   (You found it on level 3 of the Swamp)

   [ring of dexterity]

   It affects your dexterity (+6).
   It protects you from cold.
   It insulates you from electricity.
   It affects your resistance to hostile enchantments.
   It lets you fly.
 Z - an amulet of reflection (around neck)
Scrolls
 d - 6 scrolls of immolation
 e - 19 scrolls of identify
 l - 18 scrolls of teleportation
 m - 2 scrolls of fog
 r - 7 scrolls of magic mapping
 w - a scroll of silence
 x - 21 scrolls of remove curse
 A - 5 scrolls of amnesia
 L - 7 scrolls of blinking
 M - 2 scrolls of holy word
 O - 8 scrolls of enchant armour
 R - 4 scrolls of vulnerability
Potions
 c - 13 potions of curing
 g - 2 potions of magic
 i - 4 potions of heal wounds
 n - 7 potions of stabbing
 q - 5 potions of might
 t - 3 potions of berserk rage
 u - 10 potions of brilliance
 v - 2 potions of resistance
 z - a potion of mutation
 B - 12 potions of ambrosia
 D - 7 potions of lignification
 G - 3 potions of flight
 J - a potion of invisibility
 K - 3 potions of haste
 W - 3 potions of cancellation


   Skills:
 + Level 13.2 Fighting
   Level 3.6 Long Blades
 * Level 14.3 Polearms
 - Level 11.8(12.0) Slings
 - Level 2.0(6.7) Throwing
 + Level 14.7 Armour
 + Level 13.4 Dodging
 + Level 18.1 Stealth
 + Level 11.5 Spellcasting
 + Level 9.2 Necromancy
 - Level 6.8 Translocations
 - Level 5.0 Air Magic


You had 36 spell levels left.
You knew the following spells:

 Your Spells              Type           Power        Failure   Level
a - Apportation           Tloc           ####..       1%          1
b - Swiftness             Air            ###.....     3%          2
v - Vampiric Draining     Necr           ####......   1%          3

Your spell library contained the following spells:

 Spells                   Type           Power        Failure   Level
 Pain                     Necr           ####         1%          1
 Gell's Gravitas          Tloc           ####......   3%          3
 Lesser Beckoning         Tloc           ####......   3%          3
 Poisonous Vapours        Pois/Air       ###...       9%          2
 Agony                    Necr           ####....     11%         5
 Corona                   Hex            #......      17%         1
 Sandblast                Erth           #.....       17%         1
 Airstrike                Air            ###.......   22%         4
 Confusing Touch          Hex            #.......     45%         3
 Inner Flame              Hex/Fire       #.......     45%         3
 Leda's Liquefaction      Hex/Erth       #.........   86%         4
 Olgreb's Toxic Radiance  Pois           #.......     86%         4
 Lee's Rapid Deconstruct  Erth           #.........   99%         5
 Invisibility             Hex            #.......     100%        6
 Shatter                  Erth           #.........   100%        9
 Animate Skeleton         Necr           Unusable     N/A         1
 Animate Dead             Necr           Unusable     N/A         4
 Shock                    Conj/Air       Unusable     N/A         1
 Beastly Appendage        Tmut           Unusable     N/A         1
 Foxfire                  Conj/Fire      Unusable     N/A         1
 Freeze                   Ice            Unusable     N/A         1
 Magic Dart               Conj           Unusable     N/A         1
 Sting                    Tmut/Pois      Unusable     N/A         1
 Summon Small Mammal      Summ           Unusable     N/A         1
 Static Discharge         Conj/Air       Unusable     N/A         3
 Passwall                 Tmut/Erth      Unusable     N/A         2
 Searing Ray              Conj           Unusable     N/A         2
 Wereblood                Tmut           Unusable     N/A         2
 Mephitic Cloud           Conj/Pois/Air  Unusable     N/A         3
 Iskenderun's Mystic Bla  Conj/Tloc      Unusable     N/A         4
 Conjure Flame            Conj/Fire      Unusable     N/A         3
 Dazzling Flash           Conj/Hex       Unusable     N/A         3
 Frozen Ramparts          Ice            Unusable     N/A         3
 Ignite Poison            Fire/Tmut/Pois Unusable     N/A         3
 Ozocubu's Armour         Ice            Unusable     N/A         3
 Spider Form              Tmut/Pois      Unusable     N/A         3
 Stone Arrow              Conj/Erth      Unusable     N/A         3
 Tukima's Dance           Hex            Unusable     N/A         3
 Fulminant Prism          Conj/Hex       Unusable     N/A         4
 Hailstorm                Conj/Ice       Unusable     N/A         4
 Ice Form                 Ice/Tmut       Unusable     N/A         4
 Petrify                  Tmut/Erth      Unusable     N/A         4
 Sticky Flame             Conj/Fire      Unusable     N/A         4
 Summon Ice Beast         Ice/Summ       Unusable     N/A         4
 Lightning Bolt           Conj/Air       Unusable     N/A         5
 Simulacrum               Ice/Necr       Unusable     N/A         6
 Alistair's Intoxication  Tmut/Pois      Unusable     N/A         5
 Blade Hands              Tmut           Unusable     N/A         5
 Bolt of Magma            Conj/Fire/Erth Unusable     N/A         5
 Fireball                 Conj/Fire      Unusable     N/A         5
 Metabolic Englaciation   Hex/Ice        Unusable     N/A         5
 Yara's Violent Unravell  Hex/Tmut       Unusable     N/A         5
 Freezing Cloud           Conj/Ice/Air   Unusable     N/A         6
 Iron Shot                Conj/Erth      Unusable     N/A         6
 Ozocubu's Refrigeration  Ice            Unusable     N/A         6
 Statue Form              Tmut/Erth      Unusable     N/A         6

Dungeon Overview and Level Annotations

Branches:
Dungeon (15/15)            Temple (1/1) D:5            Lair (6/6) D:11
  Swamp (4/4) Lair:4        Snake (4/4) Lair:4        Slime (0/5) Lair:6
    Orc (2/2) D:12            Elf (3/3) Orc:2        Vaults (2/5) D:13
 Depths (0/5) D:15        Ossuary (visited)           IceCv (visited)
  Crypt: Vaults:2-3

Altars:
Ashenzari
Cheibriados
Dithmenos
Elyvilon
Fedhas
Gozag
Hepliaklqana
Kikubaaqudgha
Makhleb
Nemelex Xobeh
Okawaru
Qazlal
Ru
Sif Muna
Trog
Uskayaw
Vehumet
Wu Jian
Xom
Yredelemnul
The Shining One
Beogh
Jiyva

Shops:
D:5 !   D:7 [   D:11 (   D:12 [(   D:13 =   Orc:2 *[[(:   Elf:1 !   Elf:3 [
Snake:4 *[   Vaults:1 (

Portals:
Trove: D:14 (show abyssal rune of Zot)

Annotations:
D:2 exclusion: shadow imp
D:8 exclusion: 4 doors
D:15 35 runed doors, exclusion: 21 doors
Lair:2 exclusion: downstairs
Lair:3 Rupert
Swamp:3 Roxanne
Swamp:4 Lernaean hydra
Snake:1 1 runed translucent door, Eciy's ghost, adept KoBe
Elf:2 5 runed translucent doors
Vaults:2 1 runed translucent door, Jihiargh's ghost, adept HOFi


Innate Abilities, Weirdness & Mutations

You are resistant to damage.
You can heal yourself by infusing magical energy.
You are clumsy. (Dex -2)
You are dopey. (Int -2)
Your magical capacity is low. (-10% MP)
You resist negative energy. (rN+)
You passively map a large area around you.
You cannot study or use magical devices.
You are hated by all.
You cannot study or cast Conjurations magic.
You cannot study or cast Ice magic.
You cannot study or cast Transmutations magic.
You are slightly vulnerable to magic. (MR-)
You do not regenerate.
You are weak. (Str -2)


Message History

Aim: a deep troll (fast, strong)
You throw a curare-tipped dart.
The curare-tipped dart hits the deep troll.
The deep troll is poisoned.
The deep troll convulses.
The deep troll seems to slow down.
The deep troll is heavily wounded.
The deep troll bites you.
* * * LOW HITPOINT WARNING * * *
The deep troll misses you. The deep troll claws you. The deep troll misses you.
You block the deep troll's attack. x2
You puncture the deep troll!
You kill the deep troll!
The deep troll's corpse shimmers and vanishes!
The deep troll bites you!!
* * * LOW HITPOINT WARNING * * *
The deep troll claws you!!
* * * LOW HITPOINT WARNING * * *
You focus your will and paralyse the deep troll in retribution!
The deep troll claws you!
You die...

# ###### * #####+### * , #
#..... , #.......# * #
#..(_? #.......# # ...(. *
#.......# # ####+####
#.......# # #.......#
#.......# # #.......#
#.......# #
#######+#######'''#####
######..........@#.......#
.....#.........T(#...#...#
.....#...).....[R#)......#
.....'...)......)')#...#.#
.....'...).....[.#[).....#
.....#############...#...#
* ** .....# #p......# ,,
.....# * * #'#######
.....# , ..T ,*,


You could see a rakshasa and a deep troll (strong, paralysed).

Vanquished Creatures
  Jorgrun (Orc:1)
  A deep elf blademaster (Elf:2)
  2 deep elf master archers (Elf:3)
  11 nagarajas
  2 thorn hunters (Swamp:3)
  An orc warlord (Orc:2)
  A frost giant (IceCv)
  6 deep elf sorcerers (Elf:3)
  A vault warden (Vaults:2)
  5 deep elf elementalists
  3 ironheart preservers
  A very ugly thing (Swamp:1)
  The ghost of happy the Imperceptible, an adept SpDe of Ru (Snake:2)
  3 deep elf demonologists
  6 deep elf annihilators
  A dire elephant (Lair:6)
  4 deep elf death magi
  Snorg (D:14)
  An ettin (D:14)
  A fire dragon (Vaults:1)
  2 ogre magi
  A yaktaur captain (Vaults:1)
  2 deep elf high priests (Elf:3)
  5 vault guards
  16 anacondas
  16 naga warriors
  2 boulder beetles
  19 hydras
  2 centaur warriors
  2 catoblepae
  2 death knights
  2 shambling mangroves
  10 two-headed ogres
  3 tengu warriors (D:14)
  12 alligators
  A deep troll earth mage (Vaults:1)
  4 deep troll shamans
  18 dancing weapons
  5 death yaks
  9 naga sharpshooters
  A hell knight (D:15)
  4 shock serpents (Snake:4)
  19 deep elf knights
  5 deep trolls (Vaults:1)
  6 salamander mystics
  3 unseen horrors
  2 spriggan druids (Swamp:2)
  11 deep elf archers
  A wizard (Elf:1)
  6 naga ritualists
  10 swamp dragons
  An ironbrand convoker (Vaults:1)
  4 lindwurms (Snake:4)
  9 orc knights
  12 mana vipers
  A harpy (shapeshifter) (Vaults:2)
  6 cyclopes
  4 ugly things
  4 orc sorcerers
  11 salamanders
  67 deep elf magi
  A manticore (D:15)
  Maurice (D:11)
  An ice statue (IceCv)
  27 black mambas
  Psyche (D:8)
  9 elephants (Lair:6)
  5 guardian serpents (Snake:4)
  2 vault sentinels
  3 torpor snails
  18 naga magi
  A torpor snail (shapeshifter) (Elf:3)
  23 cane toads
  An efreet (D:14)
  3 yaktaurs (Vaults:1)
  4 rime drakes
  A freezing wraith (D:15)
  7 komodo dragons
  3 tengu conjurers
  9 hornets
  5 trolls
  18 polar bears
  10 tyrant leeches
  Grinder (D:4)
  13 blink frogs
  7 bog bodies
  3 meliai zombies
  24 slime creatures
  4 air elementals
  3 shadows
  6 spriggans
  2 wyverns
  65 yaks
  7 water elementals
  4 basilisks
  A basilisk (shapeshifter) (Vaults:1)
  3 wraiths
  A hog (shapeshifter) (Vaults:1)
  Grum (D:8)
  6 fire elementals
  22 vampire mosquitoes
  A human (shapeshifter) (Elf:3)
  5 large abominations (Elf:1)
  30 nagas
  14 water moccasins
  4 wargs
  9 swamp worms
  3 acid dragons
  11 swamp drakes
  3 ice beasts
  4 sky beasts
  4 black bears
  13 ogres
  42 orc warriors
  2 necrophages
  2 phantoms
  3 centaurs
  7 small abominations (Elf:1)
  40 wolves
  A big kobold (D:8)
  27 bullfrogs
  4 earth elementals
  An elf simulacrum (Vaults:1)
  5 scorpions
  A wyvern skeleton (D:11)
  10 killer bees
  6 wights
  A howler monkey (D:5)
  5 electric eels
  3 bullfrog zombies
  2 centaur zombies
  5 centaur skeletons
  12 hounds
  4 jellies
  19 orc priests
  A bullfrog skeleton (D:13)
  4 iguanas
  Jessica (D:3)
  39 orc wizards
  9 worker ants
  7 hell rats (Lair:5)
  2 killer bee zombies (D:8)
  A hound zombie (D:10)
  A hound skeleton (D:10)
  2 mummies
  5 adders
  8 gnolls
  A shadow imp (D:6)
  2 white imps
  5 ufetubi
  An ooze (D:6)
  An adder skeleton (D:4)
  An adder zombie (D:6)
  2 worms
  2 dart slugs
  2 leopard geckos
  125 orcs
  5 ball pythons
  9 bats
  12 giant cockroaches
  13 hobgoblins
  14 jackals
  8 quokkas
  5 frilled lizards
  9 gnoll skeletons (Ossuary)
  22 goblins
  2 goblin zombies (D:5)
  A hobgoblin zombie (D:5)
  A jackal skeleton (D:4)
  17 kobolds
  6 kobold skeletons (Ossuary)
  2 kobold zombies (D:5)
  A leopard gecko zombie (D:5)
  10 orc skeletons (Ossuary)
  An orc zombie (D:5)
  A quokka skeleton (D:5)
  9 rats
  A spectral orc (D:3)
  A bush (Lair:5)
1374 creatures vanquished.

Vanquished Creatures (collateral kills)
  An iguana (D:7)
1 creature vanquished.

Vanquished Creatures (others)
  A deep elf blademaster (Orc:2)
  A deep elf annihilator (Elf:3)
  A boulder beetle (D:12)
  4 hydras
  2 anacondas
  2 two-headed ogres (D:14)
  A naga sharpshooter (Snake:3)
  2 salamander mystics (Snake:4)
  A naga ritualist (Snake:4)
  2 swamp dragons (Swamp:3)
  2 deep elf archers
  6 deep elf magi
  A salamander (Snake:4)
  2 black mambas
  2 cane toads
  2 naga magi
  A komodo dragon (Lair:1)
  A rime drake (Lair:5)
  2 polar bears
  A harpy zombie (D:15)
  2 trolls
  A wyvern (Lair:6)
  5 yaks
  2 water elementals (Elf:1)
  A vampire mosquito (Swamp:2)
  A naga (Snake:3)
  A swamp worm (Swamp:3)
  2 swamp drakes (Swamp:3)
  An orc warrior (Orc:1)
  An ogre (Vaults:1)
  A wolf (IceCv)
  A killer bee (D:7)
  5 orc wizards
  An orc (Orc:2)
  67 fungi
  189 plants
318 creatures vanquished.

Grand Total: 1693 creatures vanquished

Notes
Turn   | Place    | Note
-------+----------+-------------------------------------------
     0 | D:1      | ANON1729 the Deep Dwarf Wanderer began the quest for the
                  | Orb.
     0 | D:1      | ANON1729 set off with the following items: a +2 spear, a +0
                  | quarterstaff, a potion of curing, a +0 robe, a +0 dagger
     0 | D:1      | Reached XP level 1. HP: 24/24 MP: 1/1
   322 | D:1      | Reached XP level 2. HP: 29/31 MP: 2/2
   840 | D:1      | Reached XP level 3. HP: 31/37 MP: 3/3
   863 | D:1      | Reached skill level 1 in Armour
  1384 | D:2      | Reached skill level 3 in Stealth
  1566 | D:2      | Found a glowing golden altar of the Shining One.
  2245 | D:3      | Noticed Jessica
  2249 | D:3      | Killed Jessica
  2249 | D:3      | Reached skill level 1 in Spellcasting
  2249 | D:3      | Reached XP level 4. HP: 37/45 MP: 5/5
  2264 | D:3      | Found a basalt altar of Yredelemnul.
  2548 | D:3      | Found an ornate altar of the Wu Jian Council.
  2833 | D:3      | Reached skill level 5 in Fighting
  2885 | D:3      | Found a blossoming altar of Fedhas.
  3013 | D:3      | Reached XP level 5. HP: 35/52 MP: 7/7
  3411 | D:4      | Noticed Grinder
  3943 | D:4      | Reached XP level 6. HP: 29/61 MP: 8/8
  4096 | D:5      | Entered Level 5 of the Dungeon
  4160 | D:5      | Noticed an ice beast
  4359 | D:5      | Found a sand-covered staircase.
  4367 | Ossuary  | Entered an ossuary
  4367 | Ossuary  | Noticed a wraith
  4367 | Ossuary  | Noticed a wraith
  4367 | Ossuary  | Noticed a wraith
  4703 | Ossuary  | Noticed a wraith
  5107 | D:5      | Found an iron altar of Okawaru.
  5627 | D:5      | Reached skill level 1 in Polearms
  5813 | D:5      | Found Efick's Distillery.
  5821 | D:5      | Bought a potion of might for 48 gold pieces
  5821 | D:5      | Bought 2 potions of lignification for 72 gold pieces
  5869 | D:5      | Found a staircase to the Ecumenical Temple.
  5874 | Temple   | Entered the Ecumenical Temple
  6017 | Temple   | Became a worshipper of Ru the Awakened
  6112 | D:6      | Reached XP level 7. HP: 39/67 MP: 10/10
  6136 | D:6      | Reached skill level 1 in Slings
  6713 | D:6      | Found a hazy altar of Hepliaklqana.
  6771 | D:6      | Reached XP level 8. HP: 25/76 MP: 12/12
  6811 | D:6      | Reached skill level 5 in Armour
  6830 | D:6      | Identified a scroll of acquirement
  6831 | D:6      | Acquired 520 gold pieces
  6911 | D:6      | Found a broken altar of Ashenzari.
  6911 | D:6      | Found a white marble altar of Elyvilon.
  7276 | D:7      | Reached skill level 1 in Evocations
  7349 | D:7      | Reached skill level 1 in Long Blades
  7645 | D:7      | Gained mutation: You are slightly vulnerable to magic.
                  | (MR-) [Ru sacrifice]
  7645 | D:7      | Reached * piety under Ru
  7651 | D:7      | Found Laeraek's Armour Emporium.
  7877 | D:7      | Found a bloodstained altar of Trog.
  7947 | D:7      | Reached skill level 5 in Dodging
  7947 | D:7      | Gained mutation: You passively map the area around you.
                  | [Deep Dwarf growth]
  7947 | D:7      | Reached XP level 9. HP: 68/86 MP: 14/14
  8316 | D:8      | Noticed Psyche
  8328 | D:8      | Killed Psyche
  8448 | D:8      | Noticed Grum
  8461 | D:8      | Killed Grum
  8657 | D:8      | Reached skill level 5 in Spellcasting
  8842 | D:8      | Reached skill level 5 in Evocations
  9146 | D:8      | Reached XP level 10. HP: 70/96 MP: 14/14
  9188 | D:8      | Learned a level 2 spell: Swiftness
  9519 | D:9      | Gained mutation: You cannot study or cast Ice magic. [Ru
                  | sacrifice]
  9519 | D:9      | Gained mutation: You cannot study or cast Transmutations
                  | magic. [Ru sacrifice]
  9519 | D:9      | Gained mutation: You cannot study or cast Conjurations
                  | magic. [Ru sacrifice]
  9519 | D:9      | Reached ** piety under Ru
  9762 | D:10     | Entered Level 10 of the Dungeon
 10120 | D:10     | Noticed an unseen horror
 10126 | D:10     | Killed an unseen horror
 10525 | D:10     | Reached skill level 5 in Slings
 10619 | D:10     | Noticed a two-headed ogre
 10631 | D:10     | Killed a two-headed ogre
 11306 | D:11     | Found Surhul's Antique Weapon Boutique.
 11310 | D:11     | Noticed a two-headed ogre
 11320 | D:11     | Noticed a death knight
 11336 | D:11     | Noticed Maurice
 11341 | D:11     | Killed Maurice
 11395 | D:11     | Reached XP level 11. HP: 83/104 MP: 14/14
 11473 | D:11     | Noticed a two-headed ogre
 11579 | D:10     | Killed a two-headed ogre
 11731 | D:11     | Killed a death knight
 11806 | D:11     | Killed a two-headed ogre
 11881 | D:11     | Gained mutation: You cannot study or use magical devices.
                  | [Ru sacrifice]
 11881 | D:11     | Reached *** piety under Ru
 11881 | D:11     | Reached **** piety under Ru
 11881 | D:11     | Reached ***** piety under Ru
 11952 | D:11     | Bought a transparent lajatang for 480 gold pieces
 11952 | D:11     | Bought a bloodstained trident for 204 gold pieces
 11952 | D:11     | Identified the +5 lajatang of the Big Fish {pain, *Drain
                  | rElec Int+2} (You bought it in a shop on level 11 of the
                  | Dungeon)
 11986 | D:11     | Noticed a two-headed ogre
 12003 | D:11     | Killed a two-headed ogre
 12022 | D:11     | Identified the +4 trident of Qiethrole {vamp, +Rage} (You
                  | bought it in a shop on level 11 of the Dungeon)
 12084 | D:11     | Noticed a two-headed ogre
 12101 | D:11     | Killed a two-headed ogre
 12104 | D:11     | Noticed a six-headed hydra
 12413 | D:4      | Found a basalt altar of Yredelemnul.
 12581 | D:4      | Killed Grinder
 13379 | D:12     | Noticed an unseen horror
 13393 | D:12     | Killed an unseen horror
 13605 | D:11     | Found a staircase to the Lair.
 13669 | Lair:1   | Entered Level 1 of the Lair of Beasts
 14153 | Lair:1   | Reached skill level 10 in Armour
 14453 | Lair:2   | Reached XP level 12. HP: 114/115 MP: 16/16
 14457 | Lair:2   | Found a frozen archway.
 14477 | Lair:2   | Gained mutation: You are clumsy. (Dex -2) [Ru sacrifice]
 14520 | IceCv    | Entered an ice cave
 14550 | IceCv    | Reached skill level 4 in Stealth
 14735 | IceCv    | Acquired a manual of Stealth
 15347 | IceCv    | Reached skill level 5 in Stealth
 15655 | IceCv    | Reached skill level 6 in Stealth
 15696 | IceCv    | Noticed a death yak
 15719 | IceCv    | Killed a death yak
 15827 | IceCv    | Noticed a frost giant
 15827 | IceCv    | Noticed a death yak
 15945 | IceCv    | Reached skill level 7 in Stealth
 16108 | IceCv    | Killed a death yak
 16108 | IceCv    | Reached skill level 10 in Fighting
 16218 | IceCv    | Killed a frost giant
 16218 | IceCv    | Reached skill level 8 in Stealth
 16275 | IceCv    | Identified the Collected Works on Heat
 16931 | Lair:1   | Reached skill level 9 in Stealth
 17152 | Lair:2   | Noticed an eight-headed hydra
 17310 | Lair:3   | Reached XP level 13. HP: 69/123 MP: 14/18
 17321 | Lair:3   | Reached skill level 5 in Polearms
 17511 | Lair:3   | Noticed Rupert
 17569 | Lair:3   | Paralysed by Rupert for 6 turns
 17877 | Lair:2   | Got a faintly glowing cloak
 17888 | Lair:2   | Identified the cursed +0 cloak of the Jabberwock {+Blink}
                  | (You found it on level 2 of the Lair of Beasts)
 17934 | Lair:2   | Gained mutation: You are dopey. (Int -2) [Ru sacrifice]
 18216 | Lair:4   | Found a staircase to the Snake Pit.
 18353 | Lair:3   | Reached skill level 10 in Stealth
 18483 | Lair:4   | Reached skill level 1 in Air Magic
 18848 | Lair:4   | Found a staircase to the Swamp.
 19434 | Lair:4   | Reached skill level 11 in Stealth
 19769 | Lair:5   | You fall into a shaft and drop 1 floor!
 19769 | Lair:6   | Entered Level 6 of the Lair of Beasts
 19818 | Lair:6   | Gained mutation: You are hated by all. [Ru sacrifice]
 19873 | Lair:6   | Reached skill level 12 in Stealth
 19927 | Lair:6   | Found a viscous altar of Jiyva.
 19927 | Lair:6   | Found a staircase to the Slime Pits.
 20611 | Lair:6   | Gained mutation: You resist negative energy. (rN+) [Deep
                  | Dwarf growth]
 20611 | Lair:6   | Reached XP level 14. HP: 94/133 MP: 18/18
 20693 | Lair:6   | Reached skill level 13 in Stealth
 22438 | D:11     | Reached skill level 14 in Stealth
 22771 | D:11     | Gained mutation: Your magical capacity is low. (-10% MP)
                  | [Ru sacrifice]
 22771 | D:11     | Reached ****** piety under Ru
 22910 | D:12     | Found Vadobag's Armour Boutique.
 22914 | D:12     | Found a staircase to the Orcish Mines.
 23021 | D:12     | Found Poeh's Weapon Boutique.
 24274 | D:13     | Found Refus's Jewellery Shop.
 24465 | D:13     | Found a gate to the Vaults.
 24683 | D:14     | Noticed Snorg
 24698 | D:14     | Killed Snorg
 24766 | D:14     | Reached skill level 10 in Dodging
 24771 | D:14     | Found a portal to a secret trove of treasure.
 25161 | D:14     | Reached skill level 15 in Stealth
 25380 | D:15     | Entered Level 15 of the Dungeon
 25380 | D:15     | Found a huge runed gate.
 25380 | D:15     | Found a huge runed gate.
 25380 | D:15     | Found a huge runed gate.
 25380 | D:15     | Found a huge runed gate.
 25380 | D:15     | Found a huge runed gate.
 25380 | D:15     | Found a huge runed gate.
 25380 | D:15     | Found a huge runed gate.
 25380 | D:15     | Found a huge runed gate.
 25380 | D:15     | Found a huge runed gate.
 25636 | D:15     | Found a huge runed gate.
 25636 | D:15     | Found a huge runed gate.
 25636 | D:15     | Found a huge runed gate.
 25636 | D:15     | Found a huge runed gate.
 25636 | D:15     | Found a huge runed gate.
 25636 | D:15     | Found a huge runed gate.
 25637 | D:15     | Found a huge runed gate.
 25638 | D:15     | Found a huge runed gate.
 25641 | D:15     | Found a huge runed gate.
 25651 | D:15     | Found a huge runed gate.
 25779 | D:15     | Learned a level 1 spell: Apportation
 25846 | D:15     | Found a huge runed gate.
 25847 | D:15     | Found a huge runed gate.
 25848 | D:15     | Found a huge runed gate.
 25863 | D:15     | Reached XP level 15. HP: 84/141 MP: 10/16
 25865 | D:15     | Found a huge runed gate.
 25985 | D:15     | Found a huge runed gate.
 25986 | D:15     | Found a huge runed gate.
 26064 | D:15     | Found a huge runed gate.
 26065 | D:15     | Found a huge runed gate.
 26066 | D:15     | Found a huge runed gate.
 26329 | D:15     | Found a staircase to the Depths.
 26425 | D:15     | Found a huge runed gate.
 26425 | D:15     | Found a huge runed gate.
 26425 | D:15     | Found a huge runed gate.
 26425 | D:15     | Found a huge runed gate.
 26425 | D:15     | Found a huge runed gate.
 26425 | D:15     | Found a huge runed gate.
 26426 | D:15     | Found a huge runed gate.
 26503 | Orc:1    | Entered Level 1 of the Orcish Mines
 26875 | Orc:1    | Gained mutation: You are weak. (Str -2) [a neqoxec]
 27042 | Orc:2    | Entered Level 2 of the Orcish Mines
 27042 | Orc:2    | Found Niawieh's Book Shop.
 27042 | Orc:2    | Noticed Jorgrun
 27125 | Orc:1    | Killed Jorgrun
 27599 | Orc:2    | Reached skill level 10 in Slings
 27650 | Orc:2    | Found a roughly hewn altar of Beogh.
 27650 | Orc:2    | Found a staircase to the Elven Halls.
 27652 | Orc:2    | Found Ojipef's Antique Armour Shop.
 27704 | Orc:2    | Bought a pair of polished gloves for 294 gold pieces
 27714 | Orc:2    | Identified the cursed +0 pair of gloves of the Trombone
                  | {rElec Str+3 Dex+2} (You bought it in a shop on level 2 of
                  | the Orcish Mines)
 27928 | Orc:2    | Found a roughly hewn altar of Beogh.
 28476 | Orc:2    | Noticed an orc warlord
 28927 | Swamp:1  | Entered Level 1 of the Swamp
 29259 | D:5      | Bought a potion of experience for 600 gold pieces
 29259 | D:5      | Bought a potion of flight for 36 gold pieces
 29259 | D:5      | Bought a potion of invisibility for 96 gold pieces
 29268 | D:5      | Reached skill level 10 in Polearms
 29268 | D:5      | Reached XP level 16. HP: 84/150 MP: 16/16
 30428 | Orc:2    | Found a roughly hewn altar of Beogh.
 30458 | Orc:2    | Found Heduptuc's Assorted Antiques.
 30465 | Orc:2    | Bought a purple potion for 31 gold pieces
 30465 | Orc:2    | Bought a bubbling grey potion for 31 gold pieces
 30465 | Orc:2    | Bought a purple potion for 31 gold pieces
 30670 | Orc:2    | Found Nyucrud's Antique Armour Shop.
 30671 | Orc:2    | Found a roughly hewn altar of Beogh.
 30676 | Orc:2    | Found Narozir's Antique Weapon Boutique.
 30690 | Orc:2    | Bought a brightly glowing scale mail for 270 gold pieces
 30690 | Orc:2    | Bought an encrusted scale mail for 270 gold pieces
 30690 | Orc:2    | Identified the +0 scale mail of Objectivity {+Fly rC+ rN+
                  | MR+} (You bought it in a shop on level 2 of the Orcish
                  | Mines)
 30691 | Orc:2    | Identified the cursed +1 scale mail of Parlour Games {*Slow
                  | +Blink Dex+9} (You bought it in a shop on level 2 of the
                  | Orcish Mines)
 30702 | Orc:2    | Bought a brightly glowing glaive for 345 gold pieces
 30702 | Orc:2    | Identified the +7 glaive of Dissent {drain, rPois Int+6
                  | Stlth-} (You bought it in a shop on level 2 of the Orcish
                  | Mines)
 31513 | Swamp:2  | Found a runed translucent door.
 32440 | Swamp:2  | Reached skill level 16 in Stealth
 32551 | Swamp:3  | Noticed a thorn hunter
 32576 | Swamp:3  | Killed a thorn hunter
 32611 | Swamp:3  | Identified Roxanne's Collected Works on the Mountains
 32611 | Swamp:3  | Noticed Roxanne
 33241 | Swamp:3  | Got a pitted tin ring
 33295 | Swamp:3  | Reached XP level 17. HP: 116/159 MP: 17/17
 33539 | Swamp:4  | Entered Level 4 of the Swamp
 33657 | Swamp:3  | Reached skill level 10 in Spellcasting
 34020 | Swamp:4  | Noticed the 27-headed Lernaean hydra
 35151 | Snake:1  | Entered Level 1 of the Snake Pit
 35164 | Snake:1  | Identified the ring of Neca {+Fly rElec rC+ MR+ Dex+6} (You
                  | found it on level 3 of the Swamp)
 35755 | Snake:1  | Found a runed translucent door.
 35760 | Snake:1  | Noticed Eciy's ghost (adept KoBe)
 36422 | Snake:2  | Found a runed translucent door.
 36422 | Snake:2  | Noticed happy's ghost (adept SpDe)
 36441 | Snake:2  | Found a shadowy altar of Dithmenos.
 36446 | Snake:2  | Reached skill level 1 in Translocations
 37269 | Snake:2  | Killed happy's ghost
 38449 | Snake:3  | Learned a level 3 spell: Vampiric Draining
 38785 | Snake:4  | Entered Level 4 of the Snake Pit
 38889 | Snake:3  | Reached skill level 1 in Necromancy
 38924 | Snake:3  | Gained mutation: You passively map a large area around you.
                  | [Deep Dwarf growth]
 38924 | Snake:3  | Reached XP level 18. HP: 167/168 MP: 19/19
 39111 | Snake:4  | Found Lytwipuer's Assorted Antiques.
 39115 | Snake:4  | Found Dowk's Armour Shop.
 39119 | Snake:4  | Bought a distressingly furry scale mail for 342 gold pieces
 39119 | Snake:4  | Identified the cursed +1 scale mail "Asiregeu" {rF+ MP+9
                  | Str-2} (You bought it in a shop on level 4 of the Snake
                  | Pit)
 39124 | Snake:4  | Bought a +0 pair of boots of running for 472 gold pieces
 39993 | Snake:4  | Reached skill level 17 in Stealth
 41408 | Snake:4  | Reached skill level 5 in Necromancy
 41505 | Snake:4  | Got a serpentine rune of Zot
 42052 | Vaults:1 | Entered Level 1 of the Vaults
 42240 | Vaults:1 | Found the +4 robe of Augmentation {Str+4 Int+4 Dex+4}
 43360 | Elf:1    | Entered Level 1 of the Elven Halls
 43398 | Orc:2    | Reached XP level 19. HP: 156/177 MP: 20/20
 43666 | Orc:2    | Reached skill level 5 in Translocations
 44014 | Elf:1    | Identified the +1 robe of Complete Protection {Str+4} (You
                  | found it on level 1 of the Elven Halls)
 44376 | Elf:1    | Found Byedom's Distillery.
 45108 | Elf:1    | Identified Quyfra's Grimoire of Venom
 45110 | Elf:1    | Identified the Volume of the Snowflakes
 47355 | Elf:2    | Found a huge runed translucent gate.
 47355 | Elf:2    | Found a huge runed translucent gate.
 47355 | Elf:2    | Found a huge runed translucent gate.
 47358 | Elf:2    | Found a huge runed translucent gate.
 47359 | Elf:2    | Found a huge runed translucent gate.
 47574 | Elf:3    | Entered Level 3 of the Elven Halls
 48148 | Elf:3    | Found Qewor's Armour Boutique.
 48811 | Elf:3    | Identified the +10 mace of the Bouncing Xenops {elec, MR+
                  | Dex+4 SInv}
 48953 | Elf:3    | Identified the cursed +1 dire flail "Fefas" {antimagic,
                  | rPois}
 48991 | Elf:2    | Reached XP level 20. HP: 179/187 MP: 21/21
 49052 | Elf:3    | Identified the +6 quarterstaff of the Freezing Ancients
                  | {protect, +Blink rPois rC+}
 49171 | Elf:3    | Identified the ring "Juoj Xuk" {Ice rPois rN+++ Str-2
                  | Int-2}
 49748 | Elf:3    | Reached skill level 18 in Stealth
 49748 | Elf:3    | Reached skill level 5 in Air Magic
 50135 | Elf:3    | Identified The Grimoire of Greatest Risks and Utility
 50152 | Elf:3    | Identified the +2 scale mail of Unreason {rC+ rN+ Slay-5}
                  | (You found it on level 3 of the Elven Halls)
 50205 | Elf:3    | Identified the +1 robe "Ycleg" {rElec rCorr Stlth-} (You
                  | found it on level 3 of the Elven Halls)
 50864 | Vaults:1 | Found Irojir's Antique Weapon Shop.
 51144 | Vaults:2 | Found a runed translucent door.
 51144 | Vaults:2 | Found a shimmering altar of Xom.
 51144 | Vaults:2 | Noticed Jihiargh's ghost (adept HOFi)
 51326 | Vaults:2 | HP: 2/187 [deep troll[an ironheart preserver] (21)]
 51326 | Vaults:2 | Mangled by a deep troll

Illustrated notes

Levels and vault maps discovered:
D:1:      saegor_arrival_simple_c, layout_basic
D:2:      layout_basic, lemuel_coloured_pillars_altar, minivault_24,
          nicolae_tso_carved_into_rock
D:3:      layout_loops_ring, marbit_many_paths,
          yredelemnul_forgotten_temple_becter, nicolae_overflow_crystal_walls,
          kennysheep_generic_room_13, uniq_jessica
D:4:      wad_woods_stonehenge, layout_loops_ring, uniq_grinder
D:5:      corexii_shantytown, layout_basic, kennysheep_okawaru_gauntlet,
          temple_doors_cd, serial_shops, shop, enter_ossuary_4, minmay_holes,
          minmay_mini_ossuary
D:6:      layout_loops_ring, kennysheep_little_box,
          chequers_temple_overflow_statue_of_worship,
          minmay_fractal_squares_gapless_5
D:7:      layout_rooms, serial_shops, nicolae_shop_trees, serial_glass,
          glass_columns_a, glass_columns_b, glass_columns_b, trog_book
D:8:      layout_loops_corners, uniq_grum, uniq_psyche
D:9:      layout_cross
D:10:     layout_stronghold
D:11:     layout_stronghold, lair_entry_dummy, serial_shops,
          nicolae_shop_crystal, kennysheep_path_1, grunt_decor_fettered,
          uniq_maurice
D:12:     layout_basic, orc_david_3
D:13:     layout_roguey, david_vaults_5, serial_shops, kennysheep_mini_moat,
          nrook_pool_corridor
D:14:     layout_loops_ring, enter_trove_5, uniq_snorg
D:15:     hangedman_depths_entry_civil_slaughter, layout_cave_pools, door_vault
Temple:   dshaligram_water_room_temple
Lair:1:   layout_gridlike, ldierk_geyser
Lair:2:   layout_cave_pods, portal_ice_cave_entry_pillars_1,
          serial_bayou_pond_d, grunt_megastairs_4
Lair:3:   layout_hall_layers, serial_bayou_shore_b, serial_bayou_shore_a,
          uniq_rupert
Lair:4:   layout_misc_corridors, minmay_swamp_entry_reptiles,
          minmay_snake_entry_guardpost_small, serial_forest,
          infiniplex_forest_clump_long, infiniplex_forest_clump_tiny,
          infiniplex_forest_corner_1, infiniplex_forest_end_1,
          infiniplex_forest_3_way, infiniplex_forest_lined_3,
          infiniplex_forest_clump_long, infiniplex_forest_clump_medium
Lair:5:   layout_long_grid, serial_forest, infiniplex_forest_lined_corner,
          infiniplex_forest_lined_2, infiniplex_forest_straight_2,
          infiniplex_forest_straight_4, infiniplex_forest_clump_long,
          infiniplex_forest_clump_medium, infiniplex_forest_clump_curved,
          infiniplex_forest_lined_room_2, nicolae_lair_grove_arrangements
Lair:6:   grunt_lair_end_beastmaster, layout_regular_city, slime_altar_1
Swamp:1:  layout_falls_marsh, nicolae_swamp_fairy_circle
Swamp:2:  gammafunk_mikee_crab_dinner, layout_basic_swamp,
          evilmike_swamp_ruin_rubble_1
Swamp:3:  layout_falls_marsh, hangedman_swamp_ruin_wall, swamp_pool5,
          uniq_roxanne
Swamp:4:  swamp, layout_basic_swamp
Snake:1:  layout_rooms, ebering_ghost_reflecting_pool
Snake:2:  layout_rooms, ebering_ghost_inner_flame, basic_altar,
          serial_bayou_shore_b, grunt_megastairs_2
Snake:3:  layout_chambers, grunt_ministairs_15
Snake:4:  snake_pit_salamanders_mu, layout_cave_town, minmay_shop_star
Orc:1:    layout_diamond_mine
Orc:2:    grunt_orc_community_town_hall, layout_diamond_mine,
          grunt_orc_community_big_house_1, grunt_orc_community_big_house_2,
          grunt_orc_community_house_3, grunt_orc_community_house_3,
          grunt_orc_community_house_2, grunt_orc_community_house_3,
          serial_shops, nicolae_shop_stone, uniq_jorgrun
Elf:1:    minmay_the_grid_octo_2x2 [minmay_the_grid_octo_teeth,
          minmay_the_grid_octo_checkerflower, minmay_the_grid_octo_toaster,
          minmay_the_grid_octo_prize_single_spiral], layout_rooms, serial_shops,
          nicolae_shop_behind_doors, hangedman_elf_represent, laboratory
Elf:2:    layout_loops_corners
Elf:3:    minmay_elf_hall_furrowed, layout_geoelf_grid, serial_shops,
          nicolae_shop_trees
Vaults:1: hangedman_vaults_stretched_pinwheel, v_misc_2, v_misc_33,
          ontoclasm_vaults_shuriken, ontoclasm_vaults_claustrophobia, v_misc_25,
          vaults_mumra_chevron_long, ontoclasm_vaults_bender,
          grunt_vaults_funnel, vaults_room_large_hall, vaults_room_pools,
          nicolae_vaults_ring_of_whatevers, layout_vaults_ring, serial_shops,
          nicolae_shop_competitors_out_of_business
Vaults:2: ebering_vaults_ghost_xom, minmay_crypt_entry_simple_walls,
          nicolae_vaults_stairing_the_circle, vaults_room_octagon,
          vaults_room_stairs_pillars, nicolae_vaults_little_squares_4,
          nicolae_vaults_hallways_thing, hangedman_vaults_restitches,
          nicolae_vaults_windows_and_doors_thing, nicolae_vaults_arrows,
          v_misc_17, ontoclasm_vaults_gateway, nicolae_vaults_little_squares_5,
          layout_vaults_maze, uniq_mennas

Skill      XL: |  1  2  3  4  5  6  7  8  9 10 11 12 13 14 15 16 17 18 19 20 |
---------------+-------------------------------------------------------------+-----
Armour         | 2 3 4 6 7 8 10 11 12 13 14 | 14.7
Stealth        | 3 9 12 15 16 17 18 | 18.1
Spellcasting   | 1 2 3 5 6 7 8 9 10 11 | 11.5
Fighting       | 5 6 7 8 9 10 11 12 13 | 13.2
Dodging        | 3 4 5 6 7 8 9 10 11 12 13 | 13.4
Throwing       | 2 |  2.0
Polearms       | 1 2 4 6 8 10 11 12 13 14 | 14.3
Slings         | 2 3 4 5 6 7 8 9 10 11 | 11.8
Evocations     | 3 5 6 0 |  0.0
Long Blades    | 1 3 |  3.6
Air Magic      | 1 2 3 4 5 |  5.0
Translocations | 2 4 6 |  6.8
Necromancy     | 1 5 8 9 |  9.2

Action                   |  1- 3 |  4- 6 |  7- 9 | 10-12 | 13-15 | 16-18 | 19-21 || total
-------------------------+-------+-------+-------+-------+-------+-------+-------++-------
Melee: Spear             |   109 |   243 |   159 |       |       |       |       ||   511
       Dagger            |       |     1 |       |     2 |       |       |     1 ||     4
       Long sword        |       |       |   168 |   184 |       |       |       ||   352
       Trident           |       |       |       |   876 |  2689 |  3780 |  1914 ||  9259
       Lajatang          |       |       |       |     9 |       |       |       ||     9
       Glaive            |       |       |       |       |       |       |     8 ||     8
 Fire: Hunting sling     |    20 |   297 |    59 |   182 |     6 |       |       ||   564
       Fustibalus        |       |       |       |       |    29 |    77 |   155 ||   261
Throw: Stone             |     3 |     1 |    18 |       |       |       |       ||    22
       Dart              |       |       |     6 |   125 |    37 |     6 |     6 ||   180
 Cast: Apportation       |       |       |       |       |       |     5 |     5 ||    10
       Vampiric Draining |       |       |       |       |       |       |     8 ||     8
Invok: Sacrifice Essence |       |       |     1 |       |     1 |       |       ||     2
       Sacrifice Arcana  |       |       |       |     1 |       |       |       ||     1
       Draw Out Power    |       |       |       |    12 |    25 |    20 |    16 ||    73
       Sacrifice Artific |       |       |       |     1 |       |       |       ||     1
       Power Leap        |       |       |       |     5 |     5 |     3 |    13 ||    26
       Sacrifice Purity  |       |       |       |     1 |     1 |       |       ||     2
       Sacrifice Love    |       |       |       |       |     1 |       |       ||     1
 Abil: Heal Wounds       |       |     2 |     9 |    12 |     4 |     1 |     1 ||    29
Evoke: Wand              |       |       |     5 |    13 |       |       |       ||    18
  Use: Scroll            |       |    13 |    12 |     9 |     6 |    12 |    14 ||    66
       Potion            |       |     1 |     2 |     2 |     4 |     1 |       ||    10
 Stab: Sleeping          |     9 |     5 |     1 |       |     2 |    10 |    15 ||    42
       Paralysed         |       |       |       |    10 |    21 |    22 |     8 ||    61
       Invisible         |       |       |       |    12 |    16 |    54 |    26 ||   108
       Distracted        |       |       |       |     2 |    12 |    21 |    16 ||    51
       Petrified         |       |       |       |       |     5 |       |       ||     5
       Confused          |       |       |       |       |       |     3 |       ||     3
Armor: Ring mail         |    19 |    43 |       |       |       |       |       ||    62
       Robe              |     1 |       |       |       |       |       |       ||     1
       Chain mail        |       |    83 |   139 |    32 |       |       |       ||   254
       Skin              |       |       |    42 |     6 |    19 |       |     1 ||    68
       Leather armour    |       |       |    35 |       |       |       |       ||    35
       Plate armour      |       |       |       |   809 |  1527 |  1643 |   145 ||  4124
       Scale mail        |       |       |       |       |       |       |   211 ||   211
Dodge: Dodged            |    48 |   156 |   172 |   605 |  1305 |  1543 |   583 ||  4412
Block: Other             |       |       |       |       |       |   306 |   173 ||   479
       Reflection        |       |       |       |       |       |    18 |    15 ||    33
       Rpst.: Long sword |       |       |    39 |    25 |       |       |       ||    64

Table legend: (Time is in decaauts)
 A = Elapsed time spent in this place.
 B = Non-inter-level travel time spent in this place.
 C = Inter-level travel time spent in this place.
 D = Time resting spent in this place.
 E = Time spent auto-exploring this place.
 F = Levels seen in this place.
 G = Mean time per level.
                   A        B        C        D        E       F      G
               +--------+--------+--------+--------+--------+-----+--------+
         Total |  49377 |  43574 |   5803 |   3022 |  16980 |  39 | 1266.1 |
       Dungeon |  17923 |  15768 |   2155 |    656 |   6546 |  15 | 1194.9 |
        Temple |    159 |    123 |     36 |      0 |      0 |   1 |  159.0 |
          Lair |   7712 |   6500 |   1212 |    425 |   3142 |   6 | 1285.3 |
         Swamp |   4778 |   3876 |    902 |    341 |   1547 |   4 | 1194.5 |
     Snake Pit |   6147 |   5495 |    652 |    511 |   2355 |   4 | 1536.8 |
  Orcish Mines |   3209 |   2816 |    393 |    120 |   1043 |   2 | 1604.5 |
   Elven Halls |   5088 |   4752 |    336 |    756 |   1395 |   3 | 1696.0 |
        Vaults |   1668 |   1553 |    115 |     44 |    890 |   2 |  834.0 |
       Ossuary |    691 |    691 |      0 |      0 |      0 |   1 |  691.0 |
      Ice Cave |   1999 |   1999 |      0 |    168 |     59 |   1 | 1999.0 |
               +--------+--------+--------+--------+--------+-----+--------+

Top non-repeatable levels by time:
 Snake:4: 2550 daAuts
 Swamp:3: 2393 daAuts
   Orc:2: 2353 daAuts
    D:11: 2255 daAuts
   Elf:3: 2017 daAuts
   IceCv: 1999 daAuts
  Lair:6: 1831 daAuts
    D:10: 1688 daAuts
   Elf:1: 1547 daAuts
   Elf:2: 1523 daAuts
  Lair:2: 1510 daAuts
 Snake:3: 1489 daAuts
     D:8: 1441 daAuts
Vaults:1: 1372 daAuts
  Lair:4: 1341 daAuts
